PA
CHICAGO TULA @ GWINNETT COUNTY BLACK CATS
08/02/2025
 
TOP OF THE 1ST
Chicago Tula batting - Pitching for Gwinnett County Black Cats : RHP Javier Luna
Pitching: RHP Javier Luna
Batting: LHB César Gonzáles 0-0: Called Strike
0-1: Foul Ball, location: 2F
0-2: Ball
1-2: Ball
2-2: Strikes out swinging
Pitching: RHP Cisco Andr
Batting: RHB Héctor Rivera 0-0: Called Strike
0-1: Ball
1-1: Swinging Strike
1-2: Foul Ball, location: 2F
1-2: Strikes out swinging
Batting: RHB Paul Dawsey 0-0: Foul Ball, location: 2F
0-1: Called Strike
0-2: Ball
1-2: Foul Ball, location: 2F
1-2: Foul Ball, location: 2F
1-2: Strikes out swinging
Top of the 1st over - 0 run(s), 0 hit(s), 0 error(s), 0 left on base; Chicago 0 - Gwinnett County 0
BOTTOM OF THE 1ST
Gwinnett County Black Cats batting - Pitching for Chicago Tula : LHP Francisco Chávez
Pitching: LHP Francisco Chávez
Batting: SHB Ted Tullo 0-0: Bunt for hit - play at first, batter safe!
Batting: RHB Luis Guerrero 0-0: Foul Ball, location: 2F
0-1: Ball
1-1: Foul Ball, location: 2F
1-2: Ball
2-2: Foul Ball, location: 2F
2-2: Ball
3-2: SINGLE (Groundball, 6MD)
Ted Tullo to second
Batting: RHB Bobby Butterfield 0-0: Foul Ball, location: 2F
0-1: Ball
1-1: Swinging Strike
1-2: Strikes out swinging
Batting: RHB King Tracy 0-0: Called Strike
0-1: Swinging Strike
0-2: Ball
1-2: Ball
2-2: Strikes out swinging
Batting: LHB Darrell Woodmansee 0-0: Ball
1-0: Fielders Choice at 2nd, 6-4 (Groundball, 6)
Bottom of the 1st over - 0 run(s), 2 hit(s), 0 error(s), 1 left on base; Chicago 0 - Gwinnett County 0
TOP OF THE 2ND
Chicago Tula batting - Pitching for Gwinnett County Black Cats : RHP Cisco Andr
Batting: RHB Jouo Hirschovits 0-0: Ball
1-0: Called Strike
1-1: Ball
2-1: Foul Ball, location: 2F
2-2: Foul Ball, location: 2F
2-2: Strikes out swinging
Batting: RHB Christian Hoover 0-0: Ball
1-0: Swinging Strike
1-1: Ball
2-1: Ball
3-1: Base on Balls
Batting: RHB Dave Yates 0-0: Ball
1-0: Ball
2-0: Ball
3-0: Called Strike
3-1: Fly out, F7 (Flyball, 78M)
Batting: RHB Júlio Vargas 0-0: Foul Ball, location: 2F
0-1: Ball
1-1: Called Strike
1-2: Ball
2-2: Fly out, F6 (Line Drive, 6M)
Top of the 2nd over - 0 run(s), 0 hit(s), 0 error(s), 1 left on base; Chicago 0 - Gwinnett County 0
BOTTOM OF THE 2ND
Gwinnett County Black Cats batting - Pitching for Chicago Tula : LHP Francisco Chávez
Batting: RHB Aaron Taylor 0-0: Ball
1-0: Ground out 5-3 (Groundball, 56S)
Batting: RHB Wallis Fortuna 0-0: SINGLE (Line Drive, 5D)
Batting: RHB Chang-lit Min 0-0: Ground out 4-3 (Groundball, 34D)
Wallis Fortuna to second
Batting: LHB Octávio Ontiveros 0-0: Called Strike
0-1: Ball
Passed Ball!
Wallis Fortuna to third
1-1: Foul Ball, location: 2F
1-2: Ball
2-2: Strikes out looking
Bottom of the 2nd over - 0 run(s), 1 hit(s), 0 error(s), 1 left on base; Chicago 0 - Gwinnett County 0
TOP OF THE 3RD
Chicago Tula batting - Pitching for Gwinnett County Black Cats : RHP Cisco Andr
Batting: RHB Jorge Alfiche 0-0: Swinging Strike
0-1: Called Strike
0-2: Ball
1-2: Ball
2-2: Ball
3-2: SINGLE (Line Drive, 56D)
Batting: LHB Dana Waldrip 0-0: Foul Ball, location: 2F
0-1: Fly out, F7 (Flyball, 7LS)
Batting: LHB César Gonzáles 0-0: Called Strike
0-1: Ball
1-1: Foul Ball, location: 2F
1-2: Ball
2-2: Strikes out swinging
Batting: RHB Héctor Rivera 0-0: Ball
Jorge Alfiche steals 2nd base
1-0: DOUBLE (Flyball, 78M)
Jorge Alfiche scores
Batting: RHB Paul Dawsey 0-0: Foul Ball, location: 2F
0-1: Foul Ball, location: 2F
0-2: Ball
1-2: Foul Ball, location: 2F
1-2: Ball
2-2: Strikes out swinging
Top of the 3rd over - 1 run(s), 2 hit(s), 0 error(s), 1 left on base; Chicago 1 - Gwinnett County 0
BOTTOM OF THE 3RD
Gwinnett County Black Cats batting - Pitching for Chicago Tula : LHP Francisco Chávez
Batting: SHB Ted Tullo 0-0: Foul Ball, location: 2F
0-1: Ball
1-1: Swinging Strike
1-2: Strikes out looking
Batting: RHB Luis Guerrero 0-0: Swinging Strike
0-1: Swinging Strike
0-2: Ball
1-2: Ball
2-2: Strikes out swinging
Batting: RHB Bobby Butterfield 0-0: Fly out, F7 (Flyball, 7)
Bottom of the 3rd over - 0 run(s), 0 hit(s), 0 error(s), 0 left on base; Chicago 1 - Gwinnett County 0
TOP OF THE 4TH
Chicago Tula batting - Pitching for Gwinnett County Black Cats : RHP Cisco Andr
Batting: RHB Jouo Hirschovits 0-0: Foul Ball, location: 2F
0-1: Ball
1-1: SOLO HOME RUN (Flyball, 78XD), Distance : 434 ft
Pitching: RHP Phillipp Vorburger
Batting: RHB Christian Hoover 0-0: Ball
1-0: Ball
2-0: Called Strike
2-1: Ball
3-1: Foul Ball, location: 2F
3-2: Fly out, F8 (Flyball, 8LM)
Batting: RHB Dave Yates 0-0: Ball
1-0: Ball
2-0: Foul Ball, location: 2F
2-1: Fly out, F8 (Flyball, 89M)
Batting: RHB Júlio Vargas 0-0: Ball
1-0: Ball
2-0: Ball
3-0: Called Strike
3-1: Swinging Strike
3-2: Foul Ball, location: 2F
3-2: Fly out, F7 (Flyball, 7S)
Top of the 4th over - 1 run(s), 1 hit(s), 0 error(s), 0 left on base; Chicago 2 - Gwinnett County 0
BOTTOM OF THE 4TH
Gwinnett County Black Cats batting - Pitching for Chicago Tula : LHP Francisco Chávez
Batting: RHB King Tracy 0-0: Ball
1-0: Called Strike
1-1: Foul Ball, location: 2F
1-2: Strikes out looking
Batting: LHB Darrell Woodmansee 0-0: Called Strike
0-1: DOUBLE (Groundball, 5L)
Batting: RHB Aaron Taylor 0-0: Called Strike
0-1: Ball
1-1: Ground out 5-3 (Groundball, 25)
Darrell Woodmansee to third
Batting: RHB Wallis Fortuna 0-0: Ball
1-0: Ball
2-0: Ball
3-0: Called Strike
3-1: SINGLE (Groundball, 56S) (infield hit)
Darrell Woodmansee scores
Batting: RHB Chang-lit Min 0-0: Called Strike
0-1: Ball
1-1: Ball
2-1: Ball
3-1: Called Strike
3-2: Foul Ball, location: 2F
3-2: Strikes out looking
Bottom of the 4th over - 1 run(s), 2 hit(s), 0 error(s), 1 left on base; Chicago 2 - Gwinnett County 1
TOP OF THE 5TH
Chicago Tula batting - Pitching for Gwinnett County Black Cats : RHP Phillipp Vorburger
Batting: RHB Jorge Alfiche 0-0: Called Strike
0-1: Called Strike
0-2: Strikes out looking
Batting: LHB Dana Waldrip 0-0: Called Strike
0-1: SINGLE (Groundball, 4D)
Batting: LHB César Gonzáles 0-0: Ball
1-0: Grounds into double play, 6-4-3 (Groundball, 6)
Top of the 5th over - 0 run(s), 1 hit(s), 0 error(s), 0 left on base; Chicago 2 - Gwinnett County 1
BOTTOM OF THE 5TH
Gwinnett County Black Cats batting - Pitching for Chicago Tula : LHP Francisco Chávez
Batting: LHB Octávio Ontiveros 0-0: Foul Ball, location: 2F
0-1: Ball
1-1: Foul Ball, location: 2F
1-2: Strikes out swinging
Batting: SHB Ted Tullo 0-0: Ball
1-0: Ball
2-0: Called Strike
2-1: Ball
3-1: SOLO HOME RUN (Flyball, 78XD), Distance : 429 ft
Batting: RHB Luis Guerrero 0-0: Foul Ball, location: 2F
0-1: Called Strike
0-2: Ball
1-2: Ball
2-2: Foul Ball, location: 2F
2-2: Foul Ball, location: 2F
2-2: Strikes out swinging
Batting: RHB Bobby Butterfield 0-0: Called Strike
0-1: SINGLE (Groundball, 34D)
Batting: RHB King Tracy 0-0: Ball
1-0: Foul Ball, location: 2F
1-1: Swinging Strike
1-2: Ball
2-2: Foul Ball, location: 2F
2-2: Ball
3-2: Foul Ball, location: 2F
3-2: Ground out 5-3 (Groundball, 56S)
Bottom of the 5th over - 1 run(s), 2 hit(s), 0 error(s), 1 left on base; Chicago 2 - Gwinnett County 2
TOP OF THE 6TH
Chicago Tula batting - Pitching for Gwinnett County Black Cats : RHP Phillipp Vorburger
Batting: RHB Héctor Rivera 0-0: Foul Ball, location: 2F
0-1: Foul Ball, location: 2F
0-2: SINGLE (Groundball, 56S) (infield hit)
Batting: RHB Paul Dawsey 0-0: Called Strike
0-1: Ball
1-1: Ball
2-1: Called Strike
2-2: Foul Ball, location: 2F
2-2: Fly out, F8 (Flyball, 8LXD)
Pitching: LHP Santiago Gómez
Batting: RHB Jouo Hirschovits 0-0: Ball
Héctor Rivera is caught stealing 2nd base
1-0: Ball
2-0: Ball
3-0: Called Strike
3-1: Fly out, F7 (Line Drive, 7)
Top of the 6th over - 0 run(s), 1 hit(s), 0 error(s), 0 left on base; Chicago 2 - Gwinnett County 2
BOTTOM OF THE 6TH
Gwinnett County Black Cats batting - Pitching for Chicago Tula : LHP Francisco Chávez
Batting: LHB Darrell Woodmansee 0-0: Ball
1-0: Ball
2-0: SINGLE (Flyball, 5D)
Batting: RHB Aaron Taylor 0-0: Bunted foul
0-1: Ball
1-1: Ball
2-1: Sac Bunt - play at first, batter OUT! 1-4
Darrell Woodmansee to second
Batting: RHB Wallis Fortuna 0-0: Intentional Walk
Pitching: RHP Howard Vidaurri
Batting: RHB Chang-lit Min 0-0: Called Strike
0-1: Foul Ball, location: 2F
0-2: Ball
1-2: Strikes out swinging
Batting: LHB Octávio Ontiveros 0-0: Ball
1-0: SINGLE (Groundball, 34) (infield hit)
Darrell Woodmansee to third
Wallis Fortuna to second
Batting: SHB Ted Tullo 0-0: Foul Ball, location: 2F
0-1: Foul Ball, location: 2F
0-2: Strikes out swinging
Bottom of the 6th over - 0 run(s), 2 hit(s), 0 error(s), 3 left on base; Chicago 2 - Gwinnett County 2
TOP OF THE 7TH
Chicago Tula batting - Pitching for Gwinnett County Black Cats : LHP Santiago Gómez
Batting: RHB Christian Hoover 0-0: Called Strike
0-1: Called Strike
0-2: Ball
1-2: Strikes out swinging
Pinch Hitting: RHB Ricco Jovine 0-0: Called Strike
0-1: Called Strike
0-2: Ball
1-2: Strikes out swinging
Pitching: LHP Constantino Kent
Pinch Hitting: RHB Marcos Alfaro 0-0: Called Strike
0-1: Ball
1-1: Swinging Strike
1-2: Foul Ball, location: 2F
1-2: Ball
2-2: Strikes out swinging
Top of the 7th over - 0 run(s), 0 hit(s), 0 error(s), 0 left on base; Chicago 2 - Gwinnett County 2
BOTTOM OF THE 7TH
Gwinnett County Black Cats batting - Pitching for Chicago Tula : RHP Howard Vidaurri
Now at SS: Marcos Alfaro
Now in LF: José Castillo
Batting: RHB Luis Guerrero 0-0: Ball
1-0: Called Strike
1-1: Foul Ball, location: 2F
1-2: Ball
2-2: Strikes out looking
Batting: RHB Bobby Butterfield 0-0: Foul Ball, location: 2F
0-1: Ball
1-1: Ball
2-1: Foul Ball, location: 2F
2-2: Strikes out swinging
Batting: RHB King Tracy 0-0: Foul Ball, location: 2F
0-1: Ground out 6-3 (Groundball, 6)
Bottom of the 7th over - 0 run(s), 0 hit(s), 0 error(s), 0 left on base; Chicago 2 - Gwinnett County 2
TOP OF THE 8TH
Chicago Tula batting - Pitching for Gwinnett County Black Cats : LHP Constantino Kent
Batting: RHB Jorge Alfiche 0-0: Called Strike
0-1: Foul Ball, location: 2F
0-2: Ball
1-2: Foul Ball, location: 2F
1-2: Fly out, F7 (Line Drive, 7)
Pinch Hitting: RHB José Olvera 0-0: Swinging Strike
0-1: Swinging Strike
0-2: Strikes out swinging, 2-3 out at first.
Pinch Hitting: RHB Rubén Dubón 0-0: Ground out 2-3 (Groundball, 15S)
Top of the 8th over - 0 run(s), 0 hit(s), 0 error(s), 0 left on base; Chicago 2 - Gwinnett County 2
BOTTOM OF THE 8TH
Gwinnett County Black Cats batting - Pitching for Chicago Tula : RHP Howard Vidaurri
Pitching: LHP Rubén Campo
Now at 2B: José Olvera
Now in CF: Paul Ristau
Pinch Hitting: RHB Dave Shaw 0-0: Ground out 6-3 (Groundball, 6)
Pitching: RHP Ed Cartmell
Pinch Hitting: LHB Jim Unknown 0-0: Ball
1-0: Ball
2-0: Ground out 4-3 (Groundball, 34D)
Batting: RHB Wallis Fortuna 0-0: Called Strike
0-1: Foul Ball, location: 2F
0-2: Strikes out looking
Bottom of the 8th over - 0 run(s), 0 hit(s), 0 error(s), 0 left on base; Chicago 2 - Gwinnett County 2
TOP OF THE 9TH
Chicago Tula batting - Pitching for Gwinnett County Black Cats : LHP Constantino Kent
Pitching: RHP Nick Fowler
Now at 1B: Jim Unknown
Now in LF: Mike McCormick
Batting: RHB Héctor Rivera 0-0: Ball
1-0: Ball
2-0: Foul Ball, location: 2F
2-1: Ball
3-1: Fly out, F1 (Line Drive, 13)
Batting: RHB Paul Dawsey 0-0: Ball
1-0: Ground out 4-3 (Groundball, 4)
Batting: RHB Jouo Hirschovits 0-0: Called Strike
0-1: Ground out 4-3 (Groundball, 4)
Top of the 9th over - 0 run(s), 0 hit(s), 0 error(s), 0 left on base; Chicago 2 - Gwinnett County 2
BOTTOM OF THE 9TH
Gwinnett County Black Cats batting - Pitching for Chicago Tula : RHP Ed Cartmell
Pitching: RHP Eddie Schmitt
Pinch Hitting: RHB Jim Unknown 0-0: Foul Ball, location: 2F
0-1: Ball
1-1: Foul Ball, location: 2F
1-2: Ground out U3 (Groundball, 3D)
Pinch Hitting: LHB Jace McNulty 0-0: Ball
1-0: Fly out, F5 (Popup, 5S)
Batting: SHB Ted Tullo 0-0: Called Strike
0-1: Ball
1-1: Foul Ball, location: 2F
1-2: Ball
2-2: SINGLE (Flyball, 78M)
Batting: RHB Luis Guerrero 0-0: Ball
1-0: Ball
2-0: Called Strike
2-1: Called Strike
2-2: Ball
3-2: Fly out, F9 (Flyball, 9LS)
Bottom of the 9th over - 0 run(s), 1 hit(s), 0 error(s), 1 left on base; Chicago 2 - Gwinnett County 2
TOP OF THE 10TH
Chicago Tula batting - Pitching for Gwinnett County Black Cats : RHP Nick Fowler
Now at 2B: Jim Unknown
Now in RF: Jace McNulty
Batting: RHB Christian Hoover 0-0: Called Strike
0-1: Ball
1-1: Ball
2-1: Foul Ball, location: 2F
2-2: Ball
3-2: Strikes out swinging
Batting: LHB José Castillo 0-0: Called Strike
0-1: Foul Ball, location: 2F
0-2: Ball
1-2: Ball
2-2: Foul Ball, location: 2F
2-2: Ball
3-2: Base on Balls
Batting: RHB Marcos Alfaro 0-0: Ball
1-0: Foul Ball, location: 2F
1-1: Ball
2-1: Ball
3-1: Fielders Choice at 2nd, 6-4 (Groundball, 6)
Batting: RHB Jorge Alfiche 0-0: Ball
Marcos Alfaro is caught stealing 2nd base
Top of the 10th over - 0 run(s), 0 hit(s), 0 error(s), 0 left on base; Chicago 2 - Gwinnett County 2
BOTTOM OF THE 10TH
Gwinnett County Black Cats batting - Pitching for Chicago Tula : RHP Eddie Schmitt
Batting: RHB Bobby Butterfield 0-0: DOUBLE (Line Drive, 7LM)
Batting: RHB King Tracy 0-0: Intentional Walk
Pitching: RHP Jesús Colón
Pinch Hitting: RHB Jim Unknown 0-0: Ball
Bobby Butterfield is caught stealing 3rd base
King Tracy to second
1-0: Ball
2-0: Called Strike
2-1: Ground out 5-3 (Groundball, 56)
Batting: LHB Jim Unknown 0-0: Ball
1-0: Fly out, F9 (Flyball, 9S)
Bottom of the 10th over - 0 run(s), 1 hit(s), 0 error(s), 1 left on base; Chicago 2 - Gwinnett County 2
TOP OF THE 11TH
Chicago Tula batting - Pitching for Gwinnett County Black Cats : RHP Nick Fowler
Pitching: RHP Héctor Salazar
Now in RF: Sidney Mackell
Batting: RHB Jorge Alfiche 0-0: Ball
1-0: Foul Ball, location: 2F
1-1: Swinging Strike
1-2: Foul Ball, location: 2F
1-2: Ball
2-2: Ball
3-2: Strikes out looking
Batting: RHB José Olvera 0-0: Swinging Strike
0-1: Called Strike
0-2: Ball
1-2: Strikes out looking
Batting: SHB Paul Ristau 0-0: Fly out, F9 (Flyball, 9LMF)
Top of the 11th over - 0 run(s), 0 hit(s), 0 error(s), 0 left on base; Chicago 2 - Gwinnett County 2
BOTTOM OF THE 11TH
Gwinnett County Black Cats batting - Pitching for Chicago Tula : RHP Jesús Colón
Batting: RHB Wallis Fortuna 0-0: Called Strike
0-1: Swinging Strike
0-2: Strikes out looking
Batting: RHB Jim Unknown 0-0: Ball
1-0: Swinging Strike
1-1: Ground out 5-3 (Groundball, 56)
Batting: LHB Jace McNulty 0-0: Called Strike
0-1: Foul Ball, location: 2F
0-2: SINGLE (Groundball, 4MS) (infield hit)
Batting: SHB Ted Tullo 0-0: Foul Ball, location: 2F
0-1: Called Strike
0-2: Ball
1-2: Strikes out looking
Bottom of the 11th over - 0 run(s), 1 hit(s), 0 error(s), 1 left on base; Chicago 2 - Gwinnett County 2
TOP OF THE 12TH
Chicago Tula batting - Pitching for Gwinnett County Black Cats : RHP Héctor Salazar
Batting: RHB Héctor Rivera 0-0: Called Strike
0-1: Ball
1-1: Swinging Strike
1-2: Strikes out swinging
Batting: RHB Paul Dawsey 0-0: Foul Ball, location: 2F
0-1: Foul Ball, location: 2F
0-2: Ball
1-2: Ball
2-2: Foul Ball, location: 2F
2-2: Ground out 5-3 (Groundball, 5)
Batting: RHB Jouo Hirschovits 0-0: Called Strike
0-1: Ball
1-1: Ball
2-1: Foul Ball, location: 2F
2-2: Foul Ball, location: 2F
2-2: Foul Ball, location: 2F
2-2: Strikes out looking
Top of the 12th over - 0 run(s), 0 hit(s), 0 error(s), 0 left on base; Chicago 2 - Gwinnett County 2
BOTTOM OF THE 12TH
Gwinnett County Black Cats batting - Pitching for Chicago Tula : RHP Jesús Colón
Batting: RHB Luis Guerrero 0-0: Ball
1-0: Called Strike
1-1: Called Strike
1-2: Ball
2-2: Strikes out looking
Batting: RHB Bobby Butterfield 0-0: Ball
1-0: Called Strike
1-1: Ball
2-1: Swinging Strike
2-2: SINGLE (Groundball, 56S) (infield hit)
Batting: RHB King Tracy 0-0: Ball
1-0: Ground out 5-3 (Groundball, 5D)
Bobby Butterfield to second
Batting: RHB Sidney Mackell 0-0: Ball
1-0: Ball
2-0: Foul Ball, location: 2F
2-1: Foul Ball, location: 2F
2-2: Fly out, F2 (Popup, 5S)
Bottom of the 12th over - 0 run(s), 1 hit(s), 0 error(s), 1 left on base; Chicago 2 - Gwinnett County 2
TOP OF THE 13TH
Chicago Tula batting - Pitching for Gwinnett County Black Cats : RHP Héctor Salazar
Batting: RHB Christian Hoover 0-0: Called Strike
0-1: Foul Ball, location: 2F
0-2: SINGLE (Groundball, 3D)
Batting: LHB José Castillo 0-0: Bunted foul
0-1: Sac Bunt - play at first, batter safe!
Christian Hoover to second
Batting: RHB Marcos Alfaro 0-0: Ball
1-0: Called Strike
1-1: Ball
2-1: Ball
3-1: Bunt missed!
3-2: Strikes out swinging
Batting: RHB Jorge Alfiche 0-0: Called Strike
0-1: SINGLE (Groundball, 6MD)
Christian Hoover to third
José Castillo to second
Runner from 3rd tries for Home, throw and OUT!
José Castillo to third
Jorge Alfiche to second
Batting: RHB José Olvera 0-0: Called Strike
0-1: SINGLE (Groundball, 6MD)
José Castillo scores
Jorge Alfiche to third
Runner from 3rd tries for Home, SAFE, no throw
Batting: SHB Paul Ristau 0-0: Ball
1-0: Ball
José Olvera steals 2nd base
2-0: SINGLE (Line Drive, 9LS)
José Olvera to third
Runner from 3rd tries for Home, SAFE, no throw
Pitching: RHP Sonny Rubalcaba
Batting: RHB Héctor Rivera 0-0: Foul Ball, location: 2F
0-1: Ball
1-1: Foul Ball, location: 2F
1-2: Ball
2-2: Ball
3-2: Base on Balls
Paul Ristau to second
Batting: RHB Paul Dawsey 0-0: Ball
1-0: Called Strike
1-1: Called Strike
1-2: Foul Ball, location: 2F
1-2: Strikes out looking
Top of the 13th over - 3 run(s), 5 hit(s), 0 error(s), 2 left on base; Chicago 5 - Gwinnett County 2
BOTTOM OF THE 13TH
Gwinnett County Black Cats batting - Pitching for Chicago Tula : RHP Jesús Colón
Batting: LHB Jim Unknown 0-0: Ball
1-0: Fly out, F3 (Popup, 3L)
Batting: RHB Wallis Fortuna 0-0: Called Strike
0-1: Called Strike
0-2: Foul Ball, location: 2F
0-2: Ball
1-2: Ground out 6-3 (Groundball, 56)
Batting: RHB Jim Unknown 0-0: Ball
1-0: Swinging Strike
1-1: Foul Ball, location: 2F
1-2: Fly out, F9 (Line Drive, 9)
Bottom of the 13th over - 0 run(s), 0 hit(s), 0 error(s), 0 left on base; Chicago 5 - Gwinnett County 2
Friday, December 30th, 2016 - OOTP Baseball 17.12 Build 75